 Dungeon Crawl Stone Soup version 0.26.1-10-gdfb7c7de75 (webtiles) character file.

Game seed: 17319332092605068709

232 Rabronis the Magician (level 5, 0/24 HPs)
             Began as a Spriggan Conjurer on Apr 6, 2021.
             Was an Initiate of Sif Muna.
             Killed from afar by an orc wizard (6 damage)
             ... with a magic dart
             ... on level 5 of the Dungeon.
             The game lasted 00:36:51 (3707 turns).

Rabronis the Magician (Spriggan Conjurer)           Turns: 3707, Time: 00:36:52

Health: 0/24       AC:  2    Str:  3    XL:     5   Next: 73%
Magic:  13/13      EV: 19    Int: 20    God:    Sif Muna [......]
Gold:   143        SH:  0    Dex: 15    Spells: 9/13 levels left

rFire    + . .     SeeInvis +   p - +1 dagger (freeze)
rCold    x . .     Faith    .   (shield restricted)
rNeg     . . .     Spirit   .   a - +0 robe
rPois    .         Reflect  .   (helmet restricted)
rElec    .         Harm     .   (no cloak)
rCorr    .         Rampage  .   (gloves unavailable)
Will     .....                  (boots unavailable)
Stlth    +++.......             (no amulet)
HPRegen  0.08/turn              c - ring of fire
MPRegen  0.13/turn              (no ring)

@: very quick
A: very small, unfitting armour, see invisible, speed 3
a: Renounce Religion


You were on level 5 of the Dungeon.
You worshipped Sif Muna.
Sif Muna was noncommittal.
You visited 2 branches of the dungeon, and saw 7 of its levels.

You collected 143 gold pieces.

Inventory:

Hand Weapons
 p - a +1 dagger of freezing (weapon)
Armour
 a - a +0 robe (worn)
 n - a +0 robe
Jewellery
 c - a ring of fire (left hand)
 l - an uncursed ring of willpower {unknown}
Scrolls
 b - 3 scrolls of teleportation
 e - a scroll of enchant armour {unknown}
 f - 3 scrolls of magic mapping
 h - a scroll of fog {unknown}
 i - 4 scrolls of remove curse {unknown}
 k - a scroll of immolation {unknown}
 m - a scroll of random uselessness {unknown}
Potions
 d - 2 potions of curing
 g - a potion of magic {unknown}
 j - a potion of degeneration {unknown}
 o - a potion of lignification {unknown}


   Skills:
 * Level 3.8 Dodging
 * Level 4.3 Stealth
 * Level 4.7 Spellcasting
 * Level 4.2 Conjurations


You had 9 spell levels left.
You knew the following spells:

 Your Spells              Type           Power        Failure   Level
a - Magic Dart            Conj           84%          1%          1
b - Dazzling Flash        Conj/Hex       26%          16%         3

Your spell library contained the following spells:

 Spells                   Type           Power        Failure   Level
 Searing Ray              Conj           42%          3%          2
 Fulminant Prism          Conj/Hex       6%           45%         4
 Iskenderun's Mystic Bla  Conj/Tloc      13%          45%         4


Dungeon Overview and Level Annotations

Branches:
Dungeon (6/15)             Temple (1/1) D:6

Altars:
Fedhas
Kikubaaqudgha
Ru
Sif Muna
Uskayaw
Vehumet
Xom
The Shining One

Shops:
D:5 =

Annotations:
D:5 Sigmund


Innate Abilities, Weirdness & Mutations

You are very small and have problems with some larger weapons.
You are too small for most types of armour.
You have supernaturally acute eyesight. (SInv)
You cover ground extremely quickly.


Message History

The orc closely misses you. The orc hits you with a +0 trident!
The orc misses you.
The orc shouts!
The orc wizard begins to cast a cantrip, but forgets the words!
The orc wizard points at you and mumbles some strange words.
The magic dart hits you!
* * * LOW HITPOINT WARNING * * *
The orc wizard points at you and mumbles some strange words.
The puff of flame misses you.
Sigmund gestures at himself while chanting.
Sigmund flickers and vanishes for a moment.
The orc wizard points at you and mumbles some strange words.
You easily resist.
Sigmund gestures at you while chanting.
You easily resist.
Found a tourmaline ring.
The orc wizard casts a spell at you. The magic dart hits you.
You die...

...................#
............o.....##
......o...o......#
#......o.......##
#......@....##
#...o..O...##
##....o.....#
##....o....###
#@.....o####
#..##.#### #..#####
#..# .... .....
.##.. =..


You could see 3 orc wizards and 3 orcs.

Vanquished Creatures
  An orc priest (D:3)
  An orc wizard (D:3)
  10 adders
  2 oozes
  3 worms
  A dart slug (D:2)
  3 leopard geckos
  5 orcs (D:3)
  2 giant cockroaches (D:2)
  8 hobgoblins
  2 quokkas
  7 bats
  2 frilled lizards
  5 goblins
  6 kobolds
  9 rats
67 creatures vanquished.

Vanquished Creatures (others)
  A plant (D:6)
1 creature vanquished.

Grand Total: 68 creatures vanquished

Notes
Turn   | Place    | Note
-------+----------+-------------------------------------------
     0 | D:1      | Rabronis the Spriggan Conjurer began the quest for the Orb.
     0 | D:1      | Reached XP level 1. HP: 9/9 MP: 5/5
   506 | D:1      | Reached XP level 2. HP: 13/13 MP: 4/6
  1467 | D:2      | Reached XP level 3. HP: 16/16 MP: 3/8
  1830 | D:2      | Reached XP level 4. HP: 21/21 MP: 1/10
  1834 | D:2      | Learned a level 3 spell: Dazzling Flash
  1974 | D:2      | Found a glowing golden altar of the Shining One.
  2042 | D:2      | Found a shimmering altar of Xom.
  2043 | D:2      | Found a shimmering altar of Xom.
  2043 | D:2      | Found a shimmering altar of Xom.
  2043 | D:2      | Found a shimmering altar of Xom.
  2043 | D:2      | Found a shimmering altar of Xom.
  3143 | D:3      | Reached XP level 5. HP: 24/24 MP: 8/12
  3580 | D:3      | You fall into a shaft and drop 3 floors!
  3581 | D:6      | Noticed a sky beast
  3582 | D:6      | Noticed an ogre
  3591 | D:6      | Found a staircase to the Ecumenical Temple.
  3610 | Temple   | Entered the Ecumenical Temple
  3645 | Temple   | Became a worshipper of Sif Muna the Loreminder
  3685 | D:5      | Entered Level 5 of the Dungeon
  3685 | D:5      | Found Unaavu Jatoy's Jewellery Shoppe.
  3685 | D:5      | Noticed Sigmund
  3685 | D:5      | Noticed an ogre
  3707 | D:5      | Killed from afar by an orc wizard

Illustrated notes

Levels and vault maps discovered:
D:1:      dpeg_arrival_yet_another_circle, layout_basic
D:2:      layout_basic, xom_redecorated, lemuel_crystal_altar, serial_glass,
          glass_columns_a, glass_columns_b
D:3:      layout_basic, serial_rivers, chequers_serial_rivers_large_b,
          chequers_serial_rivers_micro_c, chequers_serial_rivers_micro_b,
          chequers_serial_rivers_marsh, kennysheep_generic_room_6
D:4:      minmay_diamond_boxcup, layout_loops_ring
D:5:      layout_cave_pods, serial_shops, shop, uniq_sigmund
D:6:      layout_cave_pools, kennysheep_little_box,
          minmay_temple_entry_overgrown
Temple:   regret_index_temple_sphere_string

Skill      XL: |  1  2  3  4 |
---------------+-------------+-----
Conjurations   | 3 4 |  4.2
Spellcasting   | 3 4 |  4.7
Stealth        | 4 |  4.3
Dodging        | |  3.8

Action                   |  1- 3 |  4- 6 || total
-------------------------+-------+-------++-------
Melee: Dagger            |       |     2 ||     2
 Cast: Magic Dart        |    85 |   110 ||   195
  Use: Scroll            |     3 |     2 ||     5
       Potion            |       |     2 ||     2
Armor: Robe              |     1 |     2 ||     3
Dodge: Dodged            |    12 |     8 ||    20
